[Event "M21"]
[Site "?"]
[Date "2025.08.03"]
[Round "1"]
[White "Thomasson, Staffan"]
[Black "Svoboda, Daniel"]
[Result "1/2-1/2"]
[ECO "D73"]
[WhiteElo "1877"]
[BlackElo "1945"]
[Annotator ",martin-koller@seznam"]
[PlyCount "74"]
[TimeControl "240+2"]

{600MB, Fritz10.ctg} 1. c4 Nf6 2. g3 c6 3. Bg2 d5 4. cxd5 cxd5 5. Nf3 Nc6 6. d4
g6 7. Nc3 Bg7 8. O-O Ne4 9. Be3 Nxc3 10. bxc3 O-O 11. Qd2 Na5 12. Bh6 Nc4 13.
Qc1 Bd7 14. Rd1 Qa5 15. Bxg7 Kxg7 16. Rb1 Qxa2 17. Rxb7 Ba4 18. Re1 a5 19. Rxe7
Rae8 20. Rxe8 Rxe8 21. e3 Rb8 22. Qa1 Rb2 23. Qxa2 Rxa2 24. Ng5 Nb6 25. e4 h6
26. Nh3 Bb3 27. Nf4 dxe4 28. Bxe4 a4 29. Nd3 Rd2 30. Nc5 Bc4 31. Ra1 Ra2 32.
Rb1 Nd5 33. Rc1 Nb6 34. Bd3 a3 35. Bxc4 Nxc4 36. Nd3 Rd2 37. Nb4 Kf6 1/2-1/2

[Event "M21"]
[Site "?"]
[Date "2025.08.03"]
[Round "1"]
[White "Hanl, Frantisek"]
[Black "Vavrinec, Tomas"]
[Result "1-0"]
[ECO "A02"]
[WhiteElo "2136"]
[BlackElo "1950"]
[Annotator ",martin-koller@seznam"]
[PlyCount "49"]
[TimeControl "240+2"]

{600MB, Fritz10.ctg} 1. b3 e6 2. Bb2 b6 3. f4 Bb7 4. Nf3 Nf6 5. e3 Be7 6. Be2
O-O 7. O-O c5 8. Qe1 Nc6 9. Na3 d5 10. Ng5 d4 11. Rf3 e5 12. Rh3 Bc8 13. Bf3
Nd5 14. g4 h6 15. exd4 Nxf4 16. Bxc6 Bxg5 17. Rg3 Rb8 18. Qxe5 Ba6 19. Re1 cxd4
20. Rf3 Rc8 21. Bb5 Bxb5 22. Qxb5 a6 23. Qf1 Ne6 24. neèitelné 1-0

[Event "K21"]
[Site "?"]
[Date "2025.08.03"]
[Round "1"]
[White "Nelson, Wayne"]
[Black "Hapke, Ralf"]
[Result "1/2-1/2"]
[ECO "A57"]
[WhiteElo "1872"]
[BlackElo "1820"]
[Annotator ",martin-koller@seznam"]
[PlyCount "27"]
[TimeControl "240+2"]

{600MB, Fritz10.ctg} 1. d4 c5 2. d5 Nf6 3. c4 b5 4. cxb5 a6 5. Nc3 g6 6. e4 d6
7. Nf3 Bg7 8. Bd3 Bd7 9. O-O axb5 10. e5 dxe5 11. Nxe5 b4 12. Nxd7 Nbxd7 13.
Ne4 O-O 14. Nxf6+ 1/2-1/2

[Event "K21"]
[Site "?"]
[Date "2025.08.03"]
[Round "1"]
[White "Hartimann, Jorg"]
[Black "Gunther, Arthur"]
[Result "0-1"]
[ECO "D00"]
[WhiteElo "1935"]
[BlackElo "1832"]
[Annotator ",martin-koller@seznam"]
[PlyCount "89"]
[TimeControl "240+2"]

{600MB, Fritz10.ctg} 1. e4 d5 2. d4 dxe4 3. Nc3 Nf6 4. Bg5 Bf5 5. Qe2 Nbd7 6.
O-O-O e6 7. Bxf6 Nxf6 8. f3 exf3 9. Qb5+ c6 10. Qxb7 Qc8 11. Qxc8+ Rxc8 12.
Nxf3 Bb4 13. Ba6 Rc7 14. Ne2 Ng4 15. c3 Bf8 16. Ng3 Nf2 17. Nxf5 Nxh1 18. Re1
Kd8 19. Nxg7 Bxg7 20. Rxh1 c5 21. Rd1 cxd4 22. Nxd4 Ke7 23. Nf3 Rg8 24. Kc2 Rd8
25. Rxd8 Kxd8 26. Bd3 h6 27. Nd2 f5 28. g3 Ke7 29. Nf1 Rc8 30. Ne3 h5 31. Ng2
Kf6 32. Nh4 Bh6 33. Kd1 Bg5 34. Ng2 e5 35. Ke2 Rd8 36. Ne3 e4 37. Bc4 h4 38.
Nf1 hxg3 39. hxg3 Bc1 40. b3 Bb2 41. Ne3 Ke5 42. Nd1 Bc1 43. b4 Rd2+ 44. Ke1
Rg2 45. Bf1 0-1

[Event "K21"]
[Site "?"]
[Date "2025.08.03"]
[Round "1"]
[White "Pavlicek, Petr"]
[Black "Schunke, Oliver"]
[Result "0-1"]
[ECO "A29"]
[WhiteElo "1916"]
[BlackElo "1875"]
[Annotator ",martin-koller@seznam"]
[PlyCount "108"]
[TimeControl "240+2"]

{600MB, Fritz10.ctg} 1. c4 e5 2. Nc3 Nf6 3. Nf3 Nc6 4. g3 d5 5. cxd5 Nxd5 6.
Bg2 Be6 7. O-O Be7 8. d4 exd4 9. Nxd4 Nxc3 10. Bxc6+ bxc6 11. bxc3 Bh3 12. Nxc6
Qxd1 13. Rxd1 Bf6 14. Be3 Bd7 15. Nxa7 Ke7 16. Rd3 Rhb8 17. Rad1 Ba4 18. Bc5+
Ke6 19. Re3+ Kf5 20. Rd5+ Kg6 21. Re4 Rb1+ 22. Kg2 Rxa7 23. Rg4+ Kh6 24. Bxa7
Bc6 25. c4 Rb2 26. Be3+ g5 27. Bxg5+ Bxg5 28. Rgxg5 Rxe2 29. Rgf5 Kg6 30. a3
Rc2 31. Kf1 Bxd5 32. Rxd5 Rxc4 33. Ke2 Rc2+ 34. Ke3 c5 35. h4 c4 36. a4 Ra2 37.
a5 c3 38. Rd6+ Kf5 39. a6 Ke5 40. Rc6 c2 41. Kd2 Kf5 42. f3 h5 43. Rc7 Rxa6 44.
Rxf7+ Kg6 45. Rc7 Ra3 46. Rc6+ Kg7 47. Ke2 Ra2 48. Ke3 Ra3+ 49. Ke4 Ra4+ 50.
Ke5 Ra5+ 51. Ke6 Ra6 52. Rxa6 c1=Q 53. Ra7+ Kg6 54. Rd7 Qe3+ 0-1

[Event "K21"]
[Site "?"]
[Date "2025.08.03"]
[Round "1"]
[White "Plesnivy, Martin"]
[Black "Smisek, Robin"]
[Result "0-1"]
[ECO "D27"]
[WhiteElo "1801"]
[BlackElo "1823"]
[Annotator ",martin-koller@seznam"]
[PlyCount "36"]
[TimeControl "240+2"]

{600MB, Fritz10.ctg} 1. d4 d5 2. Nf3 Nf6 3. e3 e6 4. c4 dxc4 5. Bxc4 c5 6. O-O
a6 7. a4 cxd4 8. exd4 Nc6 9. Nc3 Be7 10. Bg5 O-O 11. Re1 Bd7 12. Qe2 neèitelné 0-1

[Event "M21"]
[Site "?"]
[Date "2025.08.03"]
[Round "2"]
[White "Koller, Martin"]
[Black "Houska, Jiri"]
[Result "1/2-1/2"]
[ECO "D00"]
[WhiteElo "1993"]
[BlackElo "2151"]
[Annotator ",martin-koller@seznam"]
[PlyCount "34"]
[TimeControl "240+2"]

{600MB, Fritz10.ctg} 1. d4 d5 2. Nc3 Nf6 3. Bf4 e6 4. Nb5 Na6 5. e3 c6 6. Nc3
Nc7 7. Nf3 Bd6 8. Bd3 Bxf4 9. exf4 Qd6 10. Qd2 c5 11. dxc5 Qxc5 12. O-O-O Bd7
13. Ne5 Bc6 14. Rhe1 O-O 15. g4 Nb5 16. Na4 Qe7 17. g5 Nd7 1/2-1/2

[Event "M21"]
[Site "?"]
[Date "2025.08.03"]
[Round "2"]
[White "Rehak, Martin"]
[Black "Gunther, Andreas"]
[Result "1/2-1/2"]
[ECO "A89"]
[WhiteElo "1943"]
[BlackElo "2087"]
[Annotator ",martin-koller@seznam"]
[PlyCount "36"]
[TimeControl "240+2"]

{600MB, Fritz10.ctg} 1. Nf3 f5 2. d4 Nf6 3. c4 g6 4. Nc3 Bg7 5. g3 O-O 6. Bg2
d6 7. O-O Nc6 8. d5 Na5 9. Nd2 c5 10. a3 Bd7 11. Qc2 Qc7 12. b3 a6 13. Bb2 b5
14. e4 bxc4 15. bxc4 Rab8 16. Rab1 fxe4 17. Ncxe4 Bf5 18. Rfe1 Rb7 1/2-1/2

[Event "M21"]
[Site "?"]
[Date "2025.08.03"]
[Round "2"]
[White "Thomasson, Staffan"]
[Black "Hanl, Frantisek"]
[Result "0-1"]
[ECO "A25"]
[WhiteElo "1877"]
[BlackElo "2136"]
[Annotator ",martin-koller@seznam"]
[PlyCount "80"]
[TimeControl "240+2"]

{600MB, Fritz10.ctg} 1. c4 e5 2. g3 Nc6 3. Bg2 g6 4. Nc3 Bg7 5. e3 d6 6. Nge2
Be6 7. Nd5 f5 8. d4 Bf7 9. Qa4 Qd7 10. Nxc7+ Qxc7 11. d5 e4 12. dxc6 Qxc6 13.
Qxc6+ bxc6 14. Nd4 Bxd4 15. exd4 Bxc4 16. b3 Bd3 17. Bb2 Ne7 18. d5 O-O 19.
dxc6 Nxc6 20. Rc1 Rac8 21. Kd2 Ne5 22. Ba3 Rfd8 23. Rxc8 Rxc8 24. Rc1 Rxc1 25.
Kxc1 d5 26. Bc5 a6 27. h3 Kf7 28. Kd2 Ke6 29. Ke3 Bb1 30. a3 Bc2 31. b4 Nc4+
32. Kd4 Bd3 33. a4 Nb2 34. a5 Nd1 35. f4 Bc4 36. g4 Bb5 37. Bb6 fxg4 38. hxg4
e3 39. Bd8 Bc4 40. b5 neèitelné 0-1

[Event "M21"]
[Site "?"]
[Date "2025.08.03"]
[Round "2"]
[White "Vavrinec, Tomas"]
[Black "Staufenberger, Bernd"]
[Result "1/2-1/2"]
[ECO "D41"]
[WhiteElo "1950"]
[BlackElo "1927"]
[Annotator ",martin-koller@seznam"]
[PlyCount "130"]
[TimeControl "240+2"]

{600MB, Fritz10.ctg} 1. Nf3 c5 2. c4 Nc6 3. g3 Nf6 4. Nc3 e6 5. Bg2 d5 6. cxd5
Nxd5 7. O-O Be7 8. Nxd5 exd5 9. d4 O-O 10. dxc5 Bxc5 11. Bg5 f6 12. Bf4 Be6 13.
Rc1 Bb6 14. a3 Qe7 15. b4 a6 16. Ne1 Rad8 17. Nd3 Bg4 18. Re1 Nd4 19. Bf3 Bf5
20. Nc5 Nxf3+ 21. exf3 Qf7 22. Qd4 Rfe8 23. Be3 h5 24. Qf4 Bc8 25. Red1 Bc7 26.
Qd4 Be5 27. Qd2 Bf5 28. Bd4 Kh7 29. Nb3 Bb8 30. Bb6 Rd6 31. Nd4 Bg6 32. Bc5 Rd7
33. f4 f5 34. Nf3 Kg8 35. Qb2 Re4 36. Ng5 Qe8 37. Nxe4 fxe4 38. Bd4 h4 39. Qe2
Bd6 40. Rc3 hxg3 41. hxg3 Qe6 42. Rc8+ Kf7 43. Kg2 Re7 44. Rdc1 Qf5 45. Rh8 Re8
46. Rxe8 Kxe8 47. Rh1 Kf7 48. Rh4 Be7 49. Rh8 Bd6 50. Rh4 Be7 51. Rh1 Bd6 52.
Rh8 Qe6 53. Qd1 Qf5 54. Be5 Qe6 55. Qd4 Bf8 56. Rh1 Bf5 57. Rh4 Qd7 58. Qd1 Be7
59. Qh5+ Bg6 60. Qh8 Bf8 61. Bd4 Qf5 62. Be3 Qd7 63. Bd4 Qf5 64. Be3 Qd7 65.
Bd4 Qf5 1/2-1/2

[Event "K21"]
[Site "?"]
[Date "2025.08.03"]
[Round "2"]
[White "Hapke, Ralf"]
[Black "Smisek, Robin"]
[Result "1/2-1/2"]
[ECO "B23"]
[WhiteElo "1820"]
[BlackElo "1823"]
[Annotator ",martin-koller@seznam"]
[PlyCount "23"]
[TimeControl "240+2"]

{600MB, Fritz10.ctg} 1. e4 c5 2. Nc3 e6 3. f4 Nc6 4. Nf3 a6 5. a4 d5 6. d3 Be7
7. g3 dxe4 8. dxe4 Qxd1+ 9. Nxd1 Nf6 10. e5 Nd5 11. Ne3 Nxe3 12. Bxe3 1/2-1/2

[Event "K21"]
[Site "?"]
[Date "2025.08.03"]
[Round "2"]
[White "Langmaier, Michal"]
[Black "Pavlicek, Petr"]
[Result "1/2-1/2"]
[ECO "D72"]
[WhiteElo "1853"]
[BlackElo "1916"]
[Annotator ",martin-koller@seznam"]
[PlyCount "44"]
[TimeControl "240+2"]

{600MB, Fritz10.ctg} 1. d4 Nf6 2. c4 g6 3. g3 Bg7 4. Bg2 d5 5. cxd5 Nxd5 6. e4
Nb6 7. Ne2 O-O 8. O-O Nc6 9. d5 Na5 10. Nbc3 c6 11. dxc6 Nxc6 12. Be3 Nc4 13.
Qc1 Nxe3 14. Qxe3 Qa5 15. Rfd1 Be6 16. Rac1 Rad8 17. f4 Bg4 18. e5 Rxd1+ 19.
Rxd1 Rd8 20. Rxd8+ Nxd8 21. h3 Bxe2 22. Qxe2 Bf8 1/2-1/2

[Event "K21"]
[Site "?"]
[Date "2025.08.03"]
[Round "2"]
[White "Schunke, Oliver"]
[Black "Plesnivy, Martin"]
[Result "1/2-1/2"]
[ECO "C10"]
[WhiteElo "1875"]
[BlackElo "1801"]
[Annotator ",martin-koller@seznam"]
[PlyCount "68"]
[TimeControl "240+2"]

{600MB, Fritz10.ctg} 1. Nc3 d5 2. e4 e6 3. Nf3 c5 4. d4 dxe4 5. Nxe4 cxd4 6.
Qxd4 Qxd4 7. Nxd4 a6 8. Bf4 Nc6 9. Nxc6 bxc6 10. O-O-O Nf6 11. Nd6+ Bxd6 12.
Bxd6 Ne4 13. Bg3 Nxg3 14. hxg3 Ke7 15. Bd3 h6 16. Rh4 Rd8 17. Rc4 Bb7 18. Rb4
Rab8 19. Be4 Rxd1+ 20. Kxd1 Kd6 21. Bf3 Kc7 22. Rd4 e5 23. Rd2 f5 24. Bh5 c5
25. a4 f4 26. f3 Bc6 27. b3 Rf8 28. Bg6 Rf6 29. Bd3 a5 30. Re2 Kd6 31. Rd2 Kc7
32. Re2 Kd6 33. Rd2 Kc7 34. Re2 Kd6 1/2-1/2

[Event "K21"]
[Site "?"]
[Date "2025.08.03"]
[Round "2"]
[White "Gunter, Arthur"]
[Black "Kostialik, Juraj"]
[Result "1-0"]
[ECO "D00"]
[WhiteElo "1832"]
[BlackElo "1618"]
[Annotator ",martin-koller@seznam"]
[PlyCount "83"]
[TimeControl "240+2"]

{600MB, Fritz10.ctg} 1. d4 Nf6 2. Nf3 g6 3. Nc3 d5 4. Bf4 a6 5. g3 Bg7 6. Bg2
Nbd7 7. Qd2 O-O 8. Bh6 b6 9. Bxg7 Kxg7 10. h4 h5 11. O-O Bb7 12. Rad1 Re8 13.
Ne5 c5 14. Nxd7 Qxd7 15. dxc5 bxc5 16. Nxd5 Bxd5 17. Bxd5 Rad8 18. Qc3 Kf8 19.
Bg2 Qxd1 20. Rxd1 Rxd1+ 21. Bf1 Red8 22. Kg2 Ra1 23. e3 Rxa2 24. Bc4 Ra1 25.
Bd3 Rb1 26. b3 Ra8 27. Qxc5 a5 28. Qc6 Rb8 29. Qc7 Ra8 30. Be2 a4 31. Qc6 Ra7
32. bxa4 Ra1 33. Bb5 Rd1 34. Qc8+ Kg7 35. Qb8 Ra5 36. Qc7 Ra8 37. Qxe7 Rd2 38.
Qc5 Ne4 39. Qe5+ Nf6 40. Qc3 Rd1 41. a5 Rb1 42. Bd3 1-0

[Event "K21"]
[Site "?"]
[Date "2025.08.03"]
[Round "2"]
[White "Nelson, Wayne"]
[Black "Hartmann, Jorg"]
[Result "1/2-1/2"]
[ECO "D00"]
[WhiteElo "1872"]
[BlackElo "1935"]
[Annotator ",martin-koller@seznam"]
[PlyCount "98"]
[TimeControl "240+2"]

{600MB, Fritz10.ctg} 1. d4 d5 2. Bf4 c5 3. c3 Nc6 4. e3 Bf5 5. Bd3 Bxd3 6. Qxd3
e6 7. Nd2 Nf6 8. Ngf3 Be7 9. h3 O-O 10. O-O Rc8 11. Ne5 cxd4 12. exd4 Nxe5 13.
Bxe5 Bd6 14. Rae1 Bxe5 15. Rxe5 Re8 16. Rfe1 Nd7 17. R5e3 Nf8 18. Nf3 Ng6 19.
Ne5 Ne7 20. Qd2 Nf5 21. R3e2 Qh4 22. Kh2 Qh6 23. Qd3 Nd6 24. Qe3 Qxe3 25. Rxe3
Nc4 26. Nxc4 Rxc4 27. Re5 Rc6 28. Rxd5 Rc7 29. Rde5 Rce7 30. d5 Kf8 31. dxe6
Rxe6 32. Rxe6 fxe6 33. Rd1 Ke7 34. Kg3 Rf8 35. f3 Rf5 36. Kf2 Rb5 37. Rd2 Rc5
38. f4 h5 39. g4 hxg4 40. hxg4 g5 41. Kf3 Kf6 42. fxg5+ Kxg5 43. Rh2 Rc7 44.
Rh5+ Kg6 45. Rh8 Rd7 46. Re8 Kf6 47. Ke3 Rg7 48. Kf3 Rf7 49. Ke3 Rh7 1/2-1/2

[Event "M21"]
[Site "?"]
[Date "2025.08.04"]
[Round "3"]
[White "Houska, Jiri"]
[Black "Vavrinec, Tomas"]
[Result "1-0"]
[ECO "C06"]
[WhiteElo "2151"]
[BlackElo "1950"]
[Annotator ",martin-koller@seznam"]
[PlyCount "54"]
[TimeControl "240+2"]

{600MB, Fritz10.ctg} 1. e4 e6 2. d4 d5 3. Nd2 Be7 4. Ngf3 Nf6 5. e5 Nfd7 6. Bd3
c5 7. c3 Nc6 8. O-O cxd4 9. cxd4 a5 10. a4 g5 11. Nb3 g4 12. Ne1 Qb6 13. Be3 h5
14. Rc1 h4 15. Bb5 Rg8 16. f4 Na7 17. Be2 g3 18. h3 Nc6 19. Nf3 Nf8 20. Nc5 Nd7
21. Bb5 Nxc5 22. dxc5 Qc7 23. Nd4 Bd7 24. Rc3 Nxd4 25. Bxd4 Bc6 26. f5 Bg5 27.
fxe6 fxe6 1-0

[Event "M21"]
[Site "?"]
[Date "2025.08.04"]
[Round "3"]
[White "Gunther, Andreas"]
[Black "Koller, Martin"]
[Result "1/2-1/2"]
[ECO "A01"]
[WhiteElo "2087"]
[BlackElo "1993"]
[Annotator ",martin-koller@seznam"]
[PlyCount "69"]
[TimeControl "240+2"]

{600MB, Fritz10.ctg} 1. b3 Nf6 2. Bb2 g6 3. e4 Bg7 4. g3 O-O 5. Bg2 d6 6. Ne2
c5 7. O-O Nc6 8. d4 cxd4 9. Nxd4 Bd7 10. c4 Nxd4 11. Bxd4 Bc6 12. Re1 a6 13.
Qd3 Rc8 14. Nc3 Re8 15. Bh3 Bd7 16. Bg2 Bc6 17. Rac1 Qa5 18. a4 Nd7 19. Bh3
Bxd4 20. Qxd4 Ne5 21. Re3 Bd7 22. Bxd7 Nxd7 23. Kg2 Nf6 24. h3 Qc5 25. Rd1 Kf8
26. f4 Qxd4 27. Rxd4 Red8 28. Kf3 Ke8 29. g4 Nd7 30. Rd1 Nc5 31. Nd5 a5 32. g5
e6 33. Nf6+ Ke7 34. Ng4 Rc6 35. Rc1 1/2-1/2

[Event "M21"]
[Site "?"]
[Date "2025.08.04"]
[Round "3"]
[White "Staufenberger, Bernd"]
[Black "Thomasson, Staffan"]
[Result "1-0"]
[ECO "B15"]
[WhiteElo "1927"]
[BlackElo "1886"]
[Annotator ",martin-koller@seznam"]
[PlyCount "57"]
[TimeControl "240+2"]

{600MB, Fritz10.ctg} 1. e4 g6 2. d4 c6 3. Nc3 d5 4. e5 Nh6 5. f4 Bg7 6. Be3 O-O
7. Nf3 Bg4 8. Bd3 f6 9. O-O Nf5 10. Bf2 fxe5 11. dxe5 e6 12. h3 Bxf3 13. Qxf3
Nd7 14. g4 Ne7 15. Qg3 Qa5 16. a4 Rf7 17. Be1 Qb6+ 18. Kg2 Raf8 19. a5 Qc7 20.
h4 Nc5 21. Be2 d4 22. b4 dxc3 23. bxc5 Nd5 24. Ra4 Nxf4+ 25. Raxf4 Qxe5 26.
Rxf7 Qxe2+ 27. R7f2 Qe4+ 28. Kh3 Rd8 29. Bxc3 1-0

[Event "M21"]
[Site "?"]
[Date "2025.08.04"]
[Round "3"]
[White "Hanl, Frantisek"]
[Black "Svoboda, Daniel"]
[Result "1/2-1/2"]
[ECO "B44"]
[WhiteElo "2136"]
[BlackElo "1945"]
[Annotator ",martin-koller@seznam"]
[PlyCount "109"]
[TimeControl "240+2"]

{600MB, Fritz10.ctg} 1. e4 c5 2. Nf3 e6 3. d4 cxd4 4. Nxd4 Nf6 5. Bd3 Nc6 6.
Be3 d5 7. Nxc6 bxc6 8. e5 Nd7 9. f4 Bc5 10. Bxc5 Nxc5 11. Nd2 Qb6 12. Nb3 Nxd3+
13. Qxd3 Qb4+ 14. Qd2 Qe4+ 15. Kf2 O-O 16. Rhe1 Qc4 17. Nd4 c5 18. Nf3 d4 19.
b3 Qd5 20. Qd3 a5 21. Rad1 Bb7 22. c3 a4 23. c4 Qc6 24. Rd2 h6 25. Rb1 axb3 26.
axb3 Ra3 27. Re2 Rb8 28. Kg3 Qe8 29. Nd2 g5 30. fxg5 hxg5 31. Kf2 Qf8 32. Qg3
Qg7 33. Rb2 Qg6 34. Nb1 Raa8 35. h3 Kg7 36. Qg4 Rh8 37. b4 Ra1 38. Nd2 cxb4 39.
Nf3 Bxf3 40. gxf3 d3 41. Re4 Ra3 42. Qg3 b3 43. Rg4 Ra2 44. Rxa2 bxa2 45. Qg1
Ra8 46. Qa1 d2 47. h4 Qb1 48. Rxg5+ Kf8 49. Qd4 d1=Q 50. Qc5+ Ke8 51. Qc6+ Ke7
52. Qc7+ Kf8 53. Qc5+ Ke8 54. Qc6+ Ke7 55. Qc7+ 1/2-1/2

[Event "K21"]
[Site "?"]
[Date "2025.08.04"]
[Round "3"]
[White "Pavlicek, Petr"]
[Black "Gunther, Arthur"]
[Result "1/2-1/2"]
[ECO "B01"]
[WhiteElo "1916"]
[BlackElo "1832"]
[Annotator ",martin-koller@seznam"]
[PlyCount "69"]
[TimeControl "240+2"]

{600MB, Fritz10.ctg} 1. e4 d5 2. exd5 Qxd5 3. Nc3 Qa5 4. d4 Nf6 5. Nf3 c6 6.
Bd2 Bf5 7. Bc4 Qc7 8. O-O e6 9. Re1 Be7 10. h3 Nbd7 11. Bf1 h6 12. Rc1 O-O 13.
g3 b5 14. Bf4 Qb6 15. Ne5 Rfd8 16. g4 Bh7 17. Qf3 Nxe5 18. dxe5 Nd5 19. Nxd5
cxd5 20. Bd3 Bxd3 21. Qxd3 Rac8 22. c3 Rc7 23. Be3 Bc5 24. Bxc5 Rxc5 25. Qe3
Rdc8 26. Kg2 Rc4 27. Qxb6 axb6 28. a3 d4 29. Rb1 dxc3 30. bxc3 Rxc3 31. Rxb5
Rxa3 32. Rxb6 g5 33. Rb2 Rcc3 34. Rh1 Rc4 35. Re2 1/2-1/2

[Event "K21"]
[Site "?"]
[Date "2025.08.04"]
[Round "3"]
[White "Hartmann, Jorg"]
[Black "Hapke, Ralf"]
[Result "1/2-1/2"]
[ECO "B12"]
[WhiteElo "1935"]
[BlackElo "1820"]
[Annotator ",martin-koller@seznam"]
[PlyCount "45"]
[TimeControl "240+2"]

{600MB, Fritz10.ctg} 1. e4 d5 2. d4 c6 3. f3 g6 4. Bd3 Bg7 5. c3 b6 6. e5 e6 7.
f4 Ne7 8. Nf3 h6 9. O-O Ba6 10. Na3 Bxd3 11. Qxd3 O-O 12. Nc2 h5 13. Ne3 Bh6
14. g3 Qc8 15. b3 Rd8 16. a4 Na6 17. Ba3 Bf8 (17... Bg7) 18. Nh4 Nf5 19. Nexf5
exf5 20. Bxf8 Kxf8 21. b4 Nc7 22. Nf3 Ne6 23. Rac1 1/2-1/2

[Event "K21"]
[Site "?"]
[Date "2025.08.04"]
[Round "3"]
[White "Smisek, Robin"]
[Black "Schunke, Oliver"]
[Result "1/2-1/2"]
[ECO "D07"]
[WhiteElo "1823"]
[BlackElo "1875"]
[Annotator ",martin-koller@seznam"]
[PlyCount "63"]
[TimeControl "240+2"]

{600MB, Fritz10.ctg} 1. d4 d5 2. c4 Nc6 3. Nf3 Bg4 4. e3 e5 5. h3 Bxf3 6. Qxf3
Bb4+ 7. Nd2 Nf6 8. cxd5 Nxd5 9. dxe5 O-O 10. Be2 Nxe5 11. Qf5 Re8 12. O-O c6
13. Nc4 Ng6 14. a3 Bf8 15. Rd1 Qc7 16. Bf3 Nh4 17. Qg4 Nxf3+ 18. Qxf3 b5 19.
Nd2 Rad8 20. Nb3 a6 21. Bd2 Qe5 22. Ba5 Rc8 23. Rd2 Nf6 24. Bc3 Qe6 25. Bxf6
Qxb3 26. Bc3 c5 27. Qd5 Qxd5 28. Rxd5 Rcd8 29. Rad1 Rxd5 30. Rxd5 f6 31. Kf1
Kf7 32. Ke2 1/2-1/2

[Event "K21"]
[Site "?"]
[Date "2025.08.04"]
[Round "3"]
[White "Kostialik, Juraj"]
[Black "Nelson, Wayne"]
[Result "0-1"]
[ECO "D36"]
[WhiteElo "1618"]
[BlackElo "1872"]
[Annotator ",martin-koller@seznam"]
[PlyCount "84"]
[TimeControl "240+2"]

{600MB, Fritz10.ctg} 1. d4 c6 2. c4 d5 3. Nc3 Nf6 4. Bg5 e6 5. Nf3 Be7 6. e3
Nbd7 7. cxd5 exd5 8. Bd3 O-O 9. Qc2 Re8 10. O-O Nf8 11. h3 Ng6 12. Rfe1 Bd7 13.
e4 dxe4 14. Nxe4 Nxe4 15. Bxe7 Rxe7 16. Bxe4 Be6 17. Rad1 Qa5 18. a3 Rae8 19.
Ne5 Bd5 20. Bxd5 Qxd5 21. Qc3 Nf4 22. Qg3 Ng6 23. Qc3 Re6 24. Nxg6 hxg6 25.
Rxe6 Qxe6 26. Qd3 Qd5 27. Kf1 Rf8 28. b4 b6 29. Re1 c5 30. bxc5 bxc5 31. Rd1
cxd4 32. Qa6 Qc5 33. Rd3 Qc1+ 34. Ke2 Qf4 35. Qxa7 Re8+ 36. Kd1 Qxf2 37. Kc1
Rc8+ 38. Kd1 Qc2+ 39. Ke1 Qxd3 40. Qa4 Qe3+ 41. Kf1 Rc1+ 42. Qd1 Rxd1# 0-1

[Event "K21"]
[Site "?"]
[Date "2025.08.04"]
[Round "3"]
[White "Plesnivy, Martin"]
[Black "Langmaier, Michal"]
[Result "0-1"]
[ECO "D37"]
[WhiteElo "1801"]
[BlackElo "1853"]
[Annotator ",martin-koller@seznam"]
[PlyCount "50"]
[TimeControl "240+2"]

{600MB, Fritz10.ctg} 1. d4 d5 2. Nf3 Nf6 3. c4 e6 4. e3 Be7 5. Bd3 dxc4 6. Bxc4
O-O 7. Nc3 b6 8. O-O Bb7 9. Ne5 c5 10. Ne2 Nc6 11. Nxc6 Bxc6 12. Qb3 b5 13.
Bxe6 c4 14. Bxc4 bxc4 15. Qxc4 Rc8 16. Qb3 Bd6 17. f4 Qd7 18. Bd2 Ba4 19. Qd3
Bb5 20. Qb1 Bxe2 21. Re1 Bb5 22. e4 Bc7 23. Be3 Ng4 24. Qd1 Nxe3 25. Rxe3 Bb6
0-1

[Event "M21"]
[Site "?"]
[Date "2025.08.05"]
[Round "4"]
[White "Koller, Martin"]
[Black "Novak, Jindrich"]
[Result "0-1"]
[ECO "A45"]
[WhiteElo "1993"]
[BlackElo "2011"]
[Annotator ",martin-koller@seznam"]
[PlyCount "58"]
[TimeControl "240+2"]

{600MB, Fritz10.ctg} 1. d4 Nf6 2. Nc3 d6 3. Bf4 Bf5 4. f3 d5
5. g4 Bc8 6. e3 e6 7. Bd3 c5 8. Nb5 Na6 9. dxc5 Bxc5 10. c3 O-O 11. Qc2 e5 12.
Bg5 h6 13. h4 e4 14. Be2 hxg5 15. hxg5 Nd7 16. O-O-O Qxg5 17. fxe4 dxe4 18. Nf3
Qxe3+ 19. Kb1 Re8 20. Bc4 Qf2 21. Qb3 Re7 22. Ng5 Nf8 23. Rd8 g6 24. Rf1 e3 25.
Bxf7+ Kg7 26. Rxf2 exf2 27. Bc4 Bxg4 28. Rxa8 Bf5+ 29. Kc1 Re1+ 0-1

[Event "M21"]
[Site "?"]
[Date "2025.08.05"]
[Round "4"]
[White "Vavrinec, Tomas"]
[Black "Gunther, Andreas"]
[Result "0-1"]
[ECO "A37"]
[WhiteElo "1950"]
[BlackElo "2087"]
[Annotator ",martin-koller@seznam"]
[PlyCount "62"]
[TimeControl "240+2"]

{600MB, Fritz10.ctg} 1. Nf3 c5 2. c4 Nc6 3. Nc3 e5 4. g3 g6 5. Bg2 Bg7 6. d3
Nge7 7. Bg5 f6 8. Bd2 O-O 9. O-O d6 10. a3 Be6 11. Rb1 d5 12. cxd5 Nxd5 13.
Nxd5 Bxd5 14. b4 cxb4 15. axb4 Qd7 16. b5 Ne7 17. Bb4 Rfe8 18. Qa4 b6 19. Rfc1
a5 20. Bxe7 Rxe7 21. Ne1 Rb8 22. Bxd5+ Qxd5 23. Rc6 e4 24. Ng2 f5 25. Ne3 Qf7
26. Nc4 exd3 27. exd3 Bd4 28. Nxa5 Bxf2+ 29. Kxf2 bxa5 30. b6 Kg7 31. Qf4 Qa2+
0-1

[Event "M21"]
[Site "?"]
[Date "2025.08.05"]
[Round "4"]
[White "Svoboda, Daniel"]
[Black "Rehak, Martin"]
[Result "1-0"]
[ECO "D41"]
[WhiteElo "1945"]
[BlackElo "1943"]
[Annotator ",martin-koller@seznam"]
[PlyCount "62"]
[TimeControl "240+2"]

{600MB, Fritz10.ctg} 1. e4 c6 2. d4 d5 3. exd5 cxd5 4. c4 Nf6 5. Nc3 e6 6. Nf3
Be7 7. Bd3 O-O 8. O-O b6 9. cxd5 Nxd5 10. Nxd5 exd5 11. Ne5 Ba6 12. Bxa6 Nxa6
13. Qe2 Nb8 14. Bf4 Re8 15. Qb5 a6 16. Qb3 f6 17. Nf3 Nc6 18. Rac1 Na5 19. Qd3
Bd6 20. Bxd6 Qxd6 21. Rfe1 Rxe1+ 22. Rxe1 g6 23. h4 f5 24. h5 Kf7 25. Qd2 Qd8
26. Qh6 Qg8 27. Rc1 Re8 28. Qf4 Re7 29. Ng5+ Kg7 30. h6+ Kxh6 31. Ne6+ Kh5 1-0

[Event "M21"]
[Site "?"]
[Date "2025.08.05"]
[Round "4"]
[White "Hanl, Frantisek"]
[Black "Staufenberger, Bernd"]
[Result "1-0"]
[ECO "A42"]
[WhiteElo "2136"]
[BlackElo "1927"]
[Annotator ",martin-koller@seznam"]
[PlyCount "93"]
[TimeControl "240+2"]

{600MB, Fritz10.ctg} 1. e4 c5 2. Nf3 g6 3. c4 Bg7 4. Nc3 d6 5. d4 Bg4 6. d5 a6
7. h3 Bxf3 8. Qxf3 Nf6 9. g4 e6 10. Bg5 h6 11. Bh4 Nbd7 12. dxe6 fxe6 13. O-O-O
Ne5 14. Qe3 Nc6 15. f4 Qc7 16. e5 dxe5 17. Bg2 O-O 18. Bg3 Rad8 19. fxe5 Nd7
20. Bxc6 Qxc6 21. Rhf1 Rxf1 22. Rxf1 Qg2 23. Rg1 Qxh3 24. Qe4 Rf8 25. Qxb7 Nxe5
26. Qe4 Rf1+ 27. Rxf1 Qxf1+ 28. Kc2 Nf3 29. Qxe6+ Kh7 30. Ne2 Nd4+ 31. Nxd4
cxd4 32. Be1 d3+ 33. Kd2 Bxb2 34. Qd7+ Bg7 35. Qxd3 Qf4+ 36. Kc2 Qxg4 37. Bd2
h5 38. c5 Qa4+ 39. Qb3 Qe4+ 40. Qd3 Qc6 41. Qc4 Be5 42. Qf7+ Bg7 43. Bc3 Qe4+
44. Kd2 Qg2+ 45. Kc1 Qg1+ 46. Kc2 Qg2+ 47. Kb3 1-0

[Event "M21"]
[Site "?"]
[Date "2025.08.05"]
[Round "4"]
[White "Thomasson, Staffan"]
[Black "Houska, Jiri"]
[Result "0-1"]
[ECO "A37"]
[WhiteElo "1877"]
[BlackElo "2151"]
[Annotator ",martin-koller@seznam"]
[PlyCount "104"]
[TimeControl "240+2"]

{600MB, Fritz10.ctg} 1. c4 g6 2. Nc3 Bg7 3. g3 c5 4. Nf3 Nc6 5. Bg2 e5 6. O-O
Nge7 7. Ne1 Rb8 8. Nc2 a6 9. a4 d6 10. d3 O-O 11. Rb1 a5 12. Ne3 f5 13. Ned5 h6
14. Bd2 g5 15. f4 exf4 16. gxf4 g4 17. Nxe7+ Nxe7 18. Nd5 b6 19. Bc3 Bb7 20.
Bxg7 Kxg7 21. e4 Nxd5 22. cxd5 Qf6 23. exf5 Qd4+ 24. Kh1 h5 25. Qe1 Rbe8 26.
Qc3 Rxf5 27. Qxd4+ cxd4 28. Rbe1 Rxe1 29. Rxe1 Bxd5 30. Bxd5 Rxd5 31. Re7+ Kf6
32. Rb7 Kf5 33. Rf7+ Ke6 34. Rb7 Rc5 35. Rxb6 h4 36. b4 Rc1+ 37. Kg2 Rc2+ 38.
Kg1 Ra2 39. bxa5 Rxa4 40. Rb5 d5 41. h3 Kf5 42. hxg4+ Kxf4 43. g5 Kxg5 44.
Rxd5+ Kf4 45. Rh5 Kg3 46. Rg5+ Kf3 47. Rh5 Ra1+ 48. Kh2 Ke2 49. Rxh4 Kxd3 50.
Rh5 Ke4 51. Kg2 d3 52. Kf2 d2 0-1